| TOP OF THE 1ST |
|
Tulsa Drillers batting - Pitching for Colorado (EL) Rockies : RHP Josh Blaschke
|
|
Pitching: RHP Josh Blaschke
|
|
|
Batting: RHB Josh Crenwelge
|
0-0: Fly out, F4 (Popup, 4, EV 63.8 MPH)
|
|
Batting: SHB Nate Kopchak
|
0-0: Called Strike 0-1: Ball 1-1: Fly out, F8 (Flyball, 8RXD, EV 95.6 MPH)
|
|
Batting: LHB Kevin Wiebe
|
0-0: Called Strike 0-1: Ball 1-1: Ball 2-1: Ball 3-1: Called Strike 3-2: Base on Balls
|
|
Batting: SHB Justin Toth
|
0-0: Ball 1-0: Ball 2-0: Called Strike 2-1: Fly out, F6 (Popup, 6D, EV 64.4 MPH)
|
| Top of the 1st over - 0 runs, 0 hits, 0 errors, 1 left on base; Tulsa 0 - Colorado (EL) 0 |
| BOTTOM OF THE 1ST |
|
Colorado (EL) Rockies batting - Pitching for Tulsa Drillers : RHP Eddie Usrey
|
|
Pitching: RHP Eddie Usrey
|
|
|
Batting: RHB Kevin Tangeman
|
0-0: Called Strike 0-1: Ball 1-1: SOLO HOME RUN (Flyball, 78XD, EV 98.1 MPH), Distance : 396 ft
|
|
Batting: LHB Mike Clark
|
0-0: DOUBLE (Groundball, 3L, EV 103.1 MPH)
|
|
Batting: LHB Paul McClintock
|
0-0: DOUBLE (Line Drive, 78XD, EV 98.1 MPH) Mike Clark scores
|
|
Batting: LHB Mick Tucker
|
0-0: Ball 1-0: Foul Ball, location: 2F 1-1: Foul Ball, location: 2F 1-2: Ball 2-2: Foul Ball, location: 2F 2-2: Foul Ball, location: 2F 2-2: Strikes out swinging
|
|
Batting: RHB Chris Osting
|
0-0: Called Strike 0-1: Called Strike 0-2: Strikes out looking
|
|
Batting: RHB John Corfield
|
0-0: Ball 1-0: Ball 2-0: Called Strike 2-1: Swinging Strike 2-2: Strikes out swinging
|
| Bottom of the 1st over - 2 runs, 3 hits, 0 errors, 1 left on base; Tulsa 0 - Colorado (EL) 2 |
| TOP OF THE 2ND |
|
Tulsa Drillers batting - Pitching for Colorado (EL) Rockies : RHP Josh Blaschke
|
|
Batting: RHB Marcos Villalobos
|
0-0: Ball 1-0: Swinging Strike 1-1: Ball 2-1: Ball 3-1: Called Strike 3-2: Foul Ball, location: 2F 3-2: Foul Ball, location: 2F 3-2: SINGLE (Flyball, 6D, EV 92.5 MPH)
|
|
Batting: RHB Jonathan Kirsch
|
0-0: Ball Marcos Villalobos steals 2nd base 1-0: Ground out 6-3 (Groundball, 6, EV 86.9 MPH) Marcos Villalobos to third
|
|
Batting: RHB Aaron Burress
|
0-0: Foul Ball, location: 2F 0-1: Called Strike 0-2: Ball 1-2: SINGLE (Groundball, 6M, EV 109.4 MPH) Marcos Villalobos scores
|
|
Batting: RHB Tony Rivera
|
0-0: Fly out, F9 (Line Drive, 9, EV 101.9 MPH)
|
|
Batting: RHB Kyle Garrett
|
0-0: Fielders Choice at 2nd, 6-4 (Groundball, 6, EV 81.2 MPH)
|
| Top of the 2nd over - 1 run, 2 hits, 0 errors, 1 left on base; Tulsa 1 - Colorado (EL) 2 |
| BOTTOM OF THE 2ND |
|
Colorado (EL) Rockies batting - Pitching for Tulsa Drillers : RHP Eddie Usrey
|
|
Batting: SHB Craig Ruzic
|
0-0: Ground out 5-3 (Groundball, 56S, EV 90.6 MPH)
|
|
Batting: RHB Juan Gallardo
|
0-0: Fly out, F9 (Flyball, 9LMF, EV 85.0 MPH)
|
|
Batting: RHB Chris Kinder
|
0-0: Ball 1-0: SINGLE (Groundball, 23, EV 69.4 MPH) (infield hit)
|
|
Batting: RHB Kevin Tangeman
|
0-0: Called Strike 0-1: Ball 1-1: Ball 2-1: Foul Ball, location: 2F 2-2: Fly out, F8 (Flyball, 8LXD, EV 109.4 MPH)
|
| Bottom of the 2nd over - 0 runs, 1 hit, 0 errors, 1 left on base; Tulsa 1 - Colorado (EL) 2 |
| TOP OF THE 3RD |
|
Tulsa Drillers batting - Pitching for Colorado (EL) Rockies : RHP Josh Blaschke
|
|
Batting: RHB Josh Crenwelge
|
0-0: Swinging Strike 0-1: Swinging Strike 0-2: Fly out, F9 (Line Drive, 89M, EV 95.0 MPH)
|
|
Batting: SHB Nate Kopchak
|
0-0: Ball 1-0: Called Strike 1-1: SINGLE (Groundball, 34S, EV 70.6 MPH) (infield hit)
|
|
Batting: LHB Kevin Wiebe
|
0-0: Called Strike 0-1: Ball 1-1: Grounds into double play, 6-4-3 (Groundball, 6, EV 87.5 MPH)
|
| Top of the 3rd over - 0 runs, 1 hit, 0 errors, 0 left on base; Tulsa 1 - Colorado (EL) 2 |
| BOTTOM OF THE 3RD |
|
Colorado (EL) Rockies batting - Pitching for Tulsa Drillers : RHP Eddie Usrey
|
|
Batting: LHB Mike Clark
|
0-0: DOUBLE (Groundball, 3L, EV 98.8 MPH)
|
|
Batting: LHB Paul McClintock
|
0-0: Called Strike 0-1: Swinging Strike 0-2: Strikes out swinging
|
|
Batting: LHB Mick Tucker
|
0-0: Ground out 6-3 (Groundball, 4M, EV 108.1 MPH) Mike Clark to third
|
|
Batting: RHB Chris Osting
|
0-0: Ball 1-0: Foul Ball, location: 2F 1-1: DOUBLE (Flyball, 78D, EV 101.9 MPH) Mike Clark scores
|
|
Batting: RHB John Corfield
|
0-0: Fly out, F9 (Flyball, 89S, EV 95.0 MPH)
|
| Bottom of the 3rd over - 1 run, 2 hits, 0 errors, 1 left on base; Tulsa 1 - Colorado (EL) 3 |
| TOP OF THE 4TH |
|
Tulsa Drillers batting - Pitching for Colorado (EL) Rockies : RHP Josh Blaschke
|
|
Batting: SHB Justin Toth
|
0-0: Ground out 4-3 (Groundball, 4, EV 80.0 MPH)
|
|
Batting: RHB Marcos Villalobos
|
0-0: Ball 1-0: Foul Ball, location: 2F 1-1: DOUBLE (Line Drive, 89D, EV 108.8 MPH)
|
|
Batting: RHB Jonathan Kirsch
|
0-0: Ball 1-0: DOUBLE (Flyball, 89XD, EV 105.6 MPH) Marcos Villalobos scores
|
|
Batting: RHB Aaron Burress
|
0-0: Ball 1-0: Foul Ball, location: 2F 1-1: Foul Ball, location: 2F 1-2: Fly out, F8 (Flyball, 8RD, EV 90.6 MPH) Runner from 2nd tags up, SAFE at 3rd with throw by CF
|
|
Batting: RHB Tony Rivera
|
0-0: Called Strike 0-1: Foul Ball, location: 2F 0-2: Ball 1-2: Ball 2-2: Ball 3-2: Ground out 3-1 (Groundball, 34, EV 105.0 MPH)
|
| Top of the 4th over - 1 run, 2 hits, 0 errors, 1 left on base; Tulsa 2 - Colorado (EL) 3 |
| BOTTOM OF THE 4TH |
|
Colorado (EL) Rockies batting - Pitching for Tulsa Drillers : RHP Eddie Usrey
|
|
Batting: SHB Craig Ruzic
|
0-0: DOUBLE (Flyball, 89XD, EV 102.5 MPH)
|
|
Batting: RHB Juan Gallardo
|
0-0: Called Strike 0-1: Fly out, F7 (Flyball, 78S, EV 90.6 MPH)
|
|
Batting: RHB Chris Kinder
|
0-0: Called Strike 0-1: Ball 1-1: Ball 2-1: Swinging Strike 2-2: Strikes out swinging
|
|
Batting: RHB Kevin Tangeman
|
0-0: Ball 1-0: Called Strike 1-1: Foul Ball, location: 2F 1-2: Foul Ball, location: 2F 1-2: Strikes out swinging
|
| Bottom of the 4th over - 0 runs, 1 hit, 0 errors, 1 left on base; Tulsa 2 - Colorado (EL) 3 |
| TOP OF THE 5TH |
|
Tulsa Drillers batting - Pitching for Colorado (EL) Rockies : RHP Josh Blaschke
|
|
Batting: RHB Kyle Garrett
|
0-0: Ground out 6-3 (Groundball, 6, EV 85.6 MPH)
|
|
Batting: RHB Josh Crenwelge
|
0-0: Called Strike 0-1: DOUBLE (Line Drive, 9LS, EV 110.0 MPH)
|
|
Batting: SHB Nate Kopchak
|
0-0: Ground out U3 (Groundball, 13, EV 86.9 MPH) Josh Crenwelge to third
|
|
Batting: LHB Kevin Wiebe
|
0-0: Ball 1-0: Swinging Strike 1-1: Called Strike 1-2: Fly out, F9 (Flyball, 89M, EV 85.6 MPH)
|
| Top of the 5th over - 0 runs, 1 hit, 0 errors, 1 left on base; Tulsa 2 - Colorado (EL) 3 |
| BOTTOM OF THE 5TH |
|
Colorado (EL) Rockies batting - Pitching for Tulsa Drillers : RHP Eddie Usrey
|
|
Batting: LHB Mike Clark
|
0-0: Swinging Strike 0-1: Fly out, F7 (Flyball, 7, EV 84.4 MPH)
|
|
Batting: LHB Paul McClintock
|
0-0: Ball 1-0: Swinging Strike 1-1: Called Strike 1-2: Strikes out swinging
|
|
Batting: LHB Mick Tucker
|
0-0: Ball 1-0: Called Strike 1-1: Ball 2-1: Swinging Strike 2-2: Ball 3-2: Hit by Pitch
|
|
Batting: RHB Chris Osting
|
0-0: Ball 1-0: Foul Ball, location: 2F 1-1: Foul Ball, location: 2F 1-2: Ball 2-2: Fielders Choice at 2nd, 4-6 (Groundball, 6M, EV 101.2 MPH)
|
| Bottom of the 5th over - 0 runs, 0 hits, 0 errors, 1 left on base; Tulsa 2 - Colorado (EL) 3 |
| TOP OF THE 6TH |
|
Tulsa Drillers batting - Pitching for Colorado (EL) Rockies : RHP Josh Blaschke
|
|
Batting: SHB Justin Toth
|
0-0: Hit by Pitch
|
|
Batting: RHB Marcos Villalobos
|
0-0: Ball 1-0: Ball 2-0: Foul Ball, location: 2F 2-1: Ball 3-1: Base on Balls Justin Toth to second
|
|
Batting: RHB Jonathan Kirsch
|
0-0: Called Strike 0-1: Foul Ball, location: 2F 0-2: Fly out, F7 (Flyball, 7, EV 76.9 MPH)
|
|
Pitching: RHP Michael Conrad
|
|
|
Batting: RHB Aaron Burress
|
0-0: Ball 1-0: Ball 2-0: Ball 3-0: Base on Balls Justin Toth to third Marcos Villalobos to second
|
|
Batting: RHB Tony Rivera
|
0-0: Ball 1-0: Called Strike 1-1: Ball 2-1: Swinging Strike 2-2: Foul Ball, location: 2F 2-2: Ball 3-2: Fly out, F9 (Flyball, 89M, EV 95.0 MPH) Runner from 3rd tags up, SCORES, throw by RF
|
|
Batting: RHB Kyle Garrett
|
0-0: Called Strike 0-1: Swinging Strike 0-2: Ball 1-2: Ball 2-2: Ball 3-2: Ground out 6-3 (Groundball, 6, EV 83.1 MPH)
|
| Top of the 6th over - 1 run, 0 hits, 0 errors, 2 left on base; Tulsa 3 - Colorado (EL) 3 |
| BOTTOM OF THE 6TH |
|
Colorado (EL) Rockies batting - Pitching for Tulsa Drillers : RHP Eddie Usrey
|
|
Batting: RHB John Corfield
|
0-0: Ball 1-0: Foul Ball, location: 2F 1-1: Ball 2-1: Swinging Strike 2-2: Ball 3-2: Strikes out swinging
|
|
Batting: SHB Craig Ruzic
|
0-0: Called Strike 0-1: SINGLE (Line Drive, 56, EV 98.8 MPH)
|
|
Batting: RHB Juan Gallardo
|
0-0: Called Strike 0-1: Called Strike 0-2: Ball 1-2: Ball 2-2: Foul Ball, location: 2F 2-2: Ground out 5-3 (Groundball, 56S, EV 71.9 MPH) Craig Ruzic to second
|
|
Batting: RHB Chris Kinder
|
0-0: Fly out, F7 (Flyball, 7S, EV 87.5 MPH)
|
| Bottom of the 6th over - 0 runs, 1 hit, 0 errors, 1 left on base; Tulsa 3 - Colorado (EL) 3 |
| TOP OF THE 7TH |
|
Tulsa Drillers batting - Pitching for Colorado (EL) Rockies : RHP Michael Conrad
|
|
Pitching: RHP Manny Lebron
|
|
|
Batting: RHB Josh Crenwelge
|
0-0: Hit by Pitch
|
|
Batting: SHB Nate Kopchak
|
0-0: Bunt missed! 0-1: Ball 1-1: Bunted foul 1-2: Foul Ball, location: 2F 1-2: Fielders Choice at 2nd, 3-6 (Groundball, 3, EV 87.5 MPH)
|
|
Batting: LHB Kevin Wiebe
|
0-0: Ball 1-0: Ball 2-0: Ball 3-0: Base on Balls Nate Kopchak to second
|
|
Batting: SHB Justin Toth
|
0-0: Grounds into double play, 4-6-3 (Groundball, 4, EV 102.5 MPH)
|
| Top of the 7th over - 0 runs, 0 hits, 0 errors, 1 left on base; Tulsa 3 - Colorado (EL) 3 |
| BOTTOM OF THE 7TH |
|
Colorado (EL) Rockies batting - Pitching for Tulsa Drillers : RHP Eddie Usrey
|
|
Batting: RHB Kevin Tangeman
|
0-0: Foul Ball, location: 2F 0-1: Ground out 6-3 (Groundball, 6, EV 85.6 MPH)
|
|
Batting: LHB Mike Clark
|
0-0: Ground out 1-3 (Groundball, 15S, EV 75.6 MPH)
|
|
Batting: LHB Paul McClintock
|
0-0: Fly out, F8 (Flyball, 89M, EV 88.1 MPH)
|
| Bottom of the 7th over - 0 runs, 0 hits, 0 errors, 0 left on base; Tulsa 3 - Colorado (EL) 3 |
| TOP OF THE 8TH |
|
Tulsa Drillers batting - Pitching for Colorado (EL) Rockies : RHP Manny Lebron
|
|
Pitching: RHP Terry Sterling
|
|
|
Batting: RHB Marcos Villalobos
|
0-0: Ball 1-0: Ball 2-0: Ball 3-0: Called Strike 3-1: Swinging Strike 3-2: SINGLE (Groundball, 6MD, EV 94.4 MPH)
|
|
Batting: RHB Jonathan Kirsch
|
0-0: Called Strike 0-1: Called Strike Marcos Villalobos steals 2nd base 0-2: Ball 1-2: Ground out 6-3 (Groundball, 6, EV 86.2 MPH) Marcos Villalobos to third
|
|
Batting: RHB Aaron Burress
|
0-0: Ball 1-0: Ball 2-0: Ball 3-0: Called Strike 3-1: Foul Ball, location: 2F 3-2: SINGLE (Groundball, 6, EV 104.4 MPH) (infield hit) Marcos Villalobos scores
|
|
Batting: RHB Tony Rivera
|
0-0: Fly out, F4 (Line Drive, 4, EV 67.5 MPH)
|
|
Batting: RHB Kyle Garrett
|
0-0: Called Strike 0-1: Ground out 4-3 (Groundball, 4, EV 90.0 MPH)
|
| Top of the 8th over - 1 run, 2 hits, 0 errors, 1 left on base; Tulsa 4 - Colorado (EL) 3 |
| BOTTOM OF THE 8TH |
|
Colorado (EL) Rockies batting - Pitching for Tulsa Drillers : RHP Eddie Usrey
|
|
Batting: LHB Mick Tucker
|
0-0: Ground out 5-3 (Groundball, 56S, EV 81.2 MPH)
|
|
Batting: RHB Chris Osting
|
0-0: Ball 1-0: Ball 2-0: Ball 3-0: Base on Balls
|
|
Batting: RHB John Corfield
|
0-0: Ball 1-0: Ball 2-0: Ball 3-0: Called Strike 3-1: Bunt missed! 3-2: Foul Ball, location: 2F 3-2: Foul Ball, location: 2F 3-2: Foul Ball, location: 2F 3-2: Foul Ball, location: 2F 3-2: Grounds into double play, 4-6-3 (Groundball, 34, EV 87.5 MPH)
|
| Bottom of the 8th over - 0 runs, 0 hits, 0 errors, 0 left on base; Tulsa 4 - Colorado (EL) 3 |
| TOP OF THE 9TH |
|
Tulsa Drillers batting - Pitching for Colorado (EL) Rockies : RHP Terry Sterling
|
|
Pitching: RHP Dane Long
|
|
|
Batting: RHB Josh Crenwelge
|
0-0: Foul Ball, location: 2F 0-1: Swinging Strike 0-2: Ball 1-2: Ground out 5-3 (Groundball, 56S, EV 80.0 MPH)
|
|
Batting: SHB Nate Kopchak
|
0-0: Called Strike 0-1: Ball 1-1: Swinging Strike 1-2: Fly out, F6 (Flyball, 6D, EV 91.2 MPH)
|
|
Batting: LHB Kevin Wiebe
|
0-0: DOUBLE (Flyball, 8LXD, EV 106.2 MPH)
|
|
Batting: SHB Justin Toth
|
0-0: Fly out, F8 (Flyball, 78M, EV 79.4 MPH)
|
| Top of the 9th over - 0 runs, 1 hit, 0 errors, 1 left on base; Tulsa 4 - Colorado (EL) 3 |
| BOTTOM OF THE 9TH |
|
Colorado (EL) Rockies batting - Pitching for Tulsa Drillers : RHP Eddie Usrey
|
|
Pitching: RHP Etsuji Kawasaki
|
|
|
Batting: SHB Craig Ruzic
|
0-0: Ball 1-0: Ball 2-0: Ground out 6-3 (Groundball, 6, EV 100.6 MPH)
|
|
Pinch Hitting: SHB Jeff Sorrels
|
0-0: Ball 1-0: Foul Ball, location: 2F 1-1: Ground out 2-3 (Groundball, 2R, EV 66.2 MPH)
|
|
Batting: RHB Chris Kinder
|
0-0: Ball 1-0: Ball 2-0: Called Strike 2-1: Swinging Strike 2-2: Ground out 4-3 (Groundball, 34, EV 98.8 MPH)
|
| Bottom of the 9th over - 0 runs, 0 hits, 0 errors, 0 left on base; Tulsa 4 - Colorado (EL) 3 |
|